 Dungeon Crawl Stone Soup version 0.25-a0-890-g62861fb (webtiles) character file.

Game seed: 10947266853885509338, levelgen mode: deterministic

22 ASSMAN the Skirmisher (level 2, 0/25 HPs)
             Began as a Demonspawn Berserker on May 8, 2020.
             Was a Follower of Trog.
             Succumbed to an adder's poison
             ... on level 2 of the Dungeon.
             The game lasted 00:01:13 (857 turns).

ASSMAN the Skirmisher (Demonspawn Berserker)         Turns: 857, Time: 00:01:14

Health: 0/25       AC:  2    Str: 17    XL:     2   Next: 68%
Magic:  2/2        EV: 12    Int:  8    God:    Trog [*.....]
Gold:   30         SH:  0    Dex: 12    Spells: 1/1 levels left

rFire    . . .     SeeInvis .   a - +0 hand axe
rCold    . . .     Gourm    .   (no shield)
rNeg     . . .     Faith    .   b - +0 animal skin
rPois    .         Spirit   .   (no helmet)
rElec    .         Reflect  .   (no cloak)
rCorr    .         Harm     .   (no gloves)
MR       .....                  (no boots)
Stlth    +.........             (no amulet)
HPRegen  0.08/turn              (no ring)
MPRegen  0.08/turn              (no ring)

@: brilliant, lethally poisoned (0 -> -3), berserk cooldown, stab, slowed, very
slow
A: demonic guardian 1
a: Berserk, Renounce Religion


You were on level 2 of the Dungeon.
You worshipped Trog.
Trog was aware of your devotion.
You were hungry.

You visited 1 branch of the dungeon, and saw 2 of its levels.

You collected 30 gold pieces.

Inventory:

Hand Weapons
 a - a +0 hand axe (weapon)
Missiles
 g - 4 silver boomerangs (quivered)
Armour
 b - a +0 animal skin (worn)
Scrolls
 e - 2 scrolls of magic mapping {unknown}
 f - 2 scrolls of identify {unknown}
 i - a scroll of random uselessness {unknown}
Comestibles
 c - 2 rations


   Skills:
 + Level 4.0 Fighting
 - Level 2.6 Axes
 - Level 1.7 Armour
 - Level 1.7 Dodging


You had one spell level left.
You didn't know any spells.
Your spell library was empty.

Dungeon Overview and Level Annotations

Branches:
Dungeon (2/15)

Altars:


Innate Abilities, Weirdness & Mutations

A weak demonic guardian rushes to your aid.


Message History

You feel yourself slow down.
There is a lethal amount of poison in your body!
There is a lethal amount of poison in your body!
It was a potion of brilliance.
You feel clever all of a sudden.
* * * LOW HITPOINT WARNING * * *
You feel sick.
It was a potion of stabbing.
You feel ready to backstab.
* * * LOW HITPOINT WARNING * * *
You feel sick.
There is a lethal amount of poison in your body!
There is a lethal amount of poison in your body!
* * * LOW HITPOINT WARNING * * *
You feel sick.
* * * LOW HITPOINT WARNING * * *
You feel sick.
* * * LOW HITPOINT WARNING * * *
You feel sick.
You die...

#........#
#........# #
#........# .
#........# #.
#........###.
###.####....#.......
....................
###.......#..######.
..........#..@#
#######.#.#.#.##
.......<..#.#..#
###########.##.#
..##.# ####.## #..#
##.# #..#


There were no monsters in sight!

Vanquished Creatures
  An adder (D:2)
  An ooze (D:1)
  A dart slug (D:1)
  2 bats (D:1)
  A hobgoblin (D:1)
  2 kobolds (D:1)
8 creatures vanquished.

Vanquished Creatures (others)
  4 toadstools (D:1)
4 creatures vanquished.

Grand Total: 12 creatures vanquished

Notes
Turn   | Place    | Note
-------+----------+-------------------------------------------
     0 | D:1      | ASSMAN the Demonspawn Berserker began the quest for the
                  | Orb.
     0 | D:1      | Reached XP level 1. HP: 18/18 MP: 1/1
   209 | D:1      | Gained mutation: A weak demonic guardian rushes to your
                  | aid. [demonic ancestry]
   209 | D:1      | Reached XP level 2. HP: 7/25 MP: 2/2
   845 | D:2      | Reached skill level 4 in Fighting
   855 | D:2      | HP: 1/25 [poisoned by an adder]
   857 | D:2      | Succumbed to an adder's poison

Levels and vault maps discovered:
D:1:      ldierk_walled_garden_2, layout_basic, nrook_mini_backslash,
          hex_intersection, hangedman_decor_points
D:2:      layout_basic

Skill      XL: |  1  2 |
---------------+-------+-----
Fighting       | 4 |  4.0
Axes           | |  2.6
Armour         | |  1.7
Dodging        | |  1.7

Action                   || total
-------------------------++-------
Melee: Hand axe          ||    41
Throw: Boomerang         ||     3
Invok: Berserk           ||     1
  Use: Potion            ||     2
Armor: Animal skin       ||    11
Dodge: Dodged            ||    24

Table legend:
 A = Non-vault XP
 B = Vault XP
 C = Vault XP percentage of total XP
 D = Non-vault monster count
 E = Vault monster count
 F = Vault count percentage of total count
                 A         B        C        D         E       F
            +---------+---------+-------+---------+---------+-------
      Total |      32 |       0 |   0.0 |       8 |       0 |   0.0
            +---------+---------+-------+---------+---------+-------
        D:1 |      19 |       0 |   0.0 |       7 |       0 |   0.0
        D:2 |      13 |       0 |   0.0 |       1 |       0 |   0.0
            +---------+---------+-------+---------+---------+-------
